 Dungeon Crawl Stone Soup version 0.19.0-19-g8c6edcc (webtiles) character file.

819 lorenzova the Covered (level 7, -2/66 HPs)
             Began as a Minotaur Fighter on Nov 14, 2016.
             Was an Initiate of Qazlal.
             Slain by Jackal2k's ghost (9 damage)
             ... on level 3 of the Dungeon.
             The game lasted 00:07:26 (4392 turns).

lorenzova the Covered (Minotaur Fighter)            Turns: 4392, Time: 00:07:27

Health: -2/66      AC:  6    Str: 22    XL:     7   Next: 63%
Magic:  6/6        EV:  9    Int:  5    God:    Qazlal [......]
Gold:   271        SH: 10    Dex: 10    Spells: 0 memorised, 6 levels left

rFire  . . .     SeeInvis +     a - +0 war axe
rCold  . . .     Gourm    .     s - +1 leather armour {rPois}
rNeg   + . .     Faith    .     c - +0 shield
rPois  +         Spirit   .     (helmet restricted)
rElec  .         Reflect  .     u - +0 cloak
rCorr  .         Harm     .     (no gloves)
MR     .....                    (no boots)
Stlth  +.........               (no amulet)
                                q - ring of positive energy
                                e - ring of see invisible

@: no status effects
A: retaliatory headbutt, horns 2
a: Renounce Religion


You were on level 3 of the Dungeon.
You worshipped Qazlal.
Qazlal was noncommittal.
You were very hungry.

You visited 2 branches of the dungeon, and saw 7 of its levels.

You collected 271 gold pieces.

Inventory:

Hand Weapons
 a - a +0 war axe (weapon)
Armour
 b - a +0 scale mail
 c - a +0 shield (worn)
 s - a +1 leather armour of poison resistance (worn)
 u - a +0 cloak (worn)
Jewellery
 e - a ring of see invisible (left hand)
 q - a ring of positive energy (right hand)
Wands
 C - a wand of flame (10/48)
Scrolls
 g - 2 scrolls of magic mapping {unknown}
 h - 2 scrolls of fog {unknown}
 k - 6 scrolls of enchant weapon {unknown}
 l - 2 scrolls of teleportation {unknown}
 m - 5 scrolls of remove curse {unknown}
 n - 4 scrolls of identify {unknown}
 r - a scroll of blinking {unknown}
 t - a scroll of amnesia {unknown}
 v - a scroll of fear {unknown}
 y - a scroll of enchant armour {unknown}
 z - 2 scrolls of immolation {unknown}
 E - 3 scrolls of recharging {unknown}
Potions
 d - a potion of might
 i - a potion of heal wounds {unknown}
 j - a potion of ambrosia {unknown}
 o - 3 potions of agility {unknown}
 p - 2 potions of invisibility {unknown}
 w - a potion of mutation {unknown}
 A - a potion of flight {unknown}
 B - 2 potions of degeneration {unknown}
 D - a potion of brilliance {unknown}
 H - a potion of haste {unknown}
Comestibles
 f - 2 bread rations
 x - 2 meat rations
 F - 3 fruits


   Skills:
 + Level 7.0 Fighting
 - Level 2.4 Axes
 + Level 7.3 Armour
 + Level 6.5 Shields


You had 6 spell levels left.
You didn't know any spells.

Dungeon Overview and Level Annotations

Branches:
Dungeon (6/15)             Temple (1/1) D:5

Altars:
Ashenzari
Dithmenos
Elyvilon
Fedhas
Gozag
Hepliaklqana
Kikubaaqudgha
Makhleb
Qazlal
Ru
Trog
Uskayaw
Xom
Yredelemnul
Zin
The Shining One

Annotations:
D:3 Jackal2k's ghost, amateur MiFi
D:5 exclusion: oklob plant


Innate Abilities, Weirdness & Mutations

You reflexively headbutt those who attack you in melee.
You have a pair of horns on your head.


Message History

Jackal2k's ghost hits you!
You hit Jackal2k's ghost but do no damage.
You headbutt Jackal2k's ghost.
Jackal2k's ghost is heavily damaged.
You block Jackal2k's ghost's attack. Jackal2k's ghost hits you.
You hit Jackal2k's ghost but do no damage.
You headbutt Jackal2k's ghost!
Jackal2k's ghost is almost destroyed.
You block Jackal2k's ghost's attack.
You hit Jackal2k's ghost.
Jackal2k's ghost is almost destroyed.
Jackal2k's ghost hits you! x2
* * * LOW HITPOINT WARNING * * *
You are too injured to fight recklessly!
You are too injured to fight recklessly!
You barely miss Jackal2k's ghost.
You headbutt Jackal2k's ghost, but do no damage.
Jackal2k's ghost is almost destroyed.
Jackal2k's ghost hits you!
You die...

##.....#############.#.#.###.
#.(...# #.#.#.###. #.†...#
#.#.#.##..
##.################.#.#.##..
#.##...............#.......
#.##################.#####.
#######............#.............
#....######......#.#.#####.######
.....'..........@#.#.##..........
#....###........W#.#.#...........
#....# #.......).#.#.............
#....# #...###.###.#.............
###### #...# #.# #...............
#...# #)###............... #####
#.##................ ######
#.#..............[.. #....#
#...................


You could see Jackal2k's ghost.

Vanquished Creatures
  Eustachio (D:6)
  An ogre (D:5)
  A necrophage (D:3)
  2 centaurs (D:5)
  A scorpion (D:3)
  A bullfrog skeleton (D:5)
  3 orc wizards
  10 adders
  A howler monkey skeleton (D:5)
  An ooze (D:3)
  An adder skeleton (D:5)
  A worm (D:2)
  7 orcs
  A ball python (D:2)
  4 giant cockroaches
  7 goblins
  2 hobgoblins
  6 jackals
  3 quokkas
  A ball python skeleton (D:4)
  5 bats
  9 frilled lizards
  8 kobolds
  10 rats
87 creatures vanquished.

Notes
Turn   | Place    | Note
-------+----------+-------------------------------------------
     0 | D:1      | lorenzova the Minotaur Fighter began the quest for the Orb.
     0 | D:1      | Reached XP level 1. HP: 19/19 MP: 0/0
   279 | D:1      | Reached XP level 2. HP: 27/27 MP: 1/1
   573 | D:2      | Found a glowing golden altar of the Shining One.
   613 | D:2      | Reached XP level 3. HP: 31/33 MP: 2/2
   688 | D:2      | Found a sacrificial altar of Ru.
  1169 | D:3      | Noticed a scorpion
  1169 | D:3      | Reached XP level 4. HP: 27/41 MP: 3/3
  1537 | D:3      | Reached skill level 5 in Armour
  1545 | D:3      | Reached XP level 5. HP: 43/47 MP: 4/4
  1694 | D:3      | Reached skill level 5 in Fighting
  1694 | D:3      | Reached skill level 5 in Shields
  2033 | D:3      | Noticed Jackal2k's ghost (amateur MiFi)
  2781 | D:4      | Found a shattered altar of Ashenzari.
  3061 | D:5      | Entered Level 5 of the Dungeon
  3092 | D:5      | Reached XP level 6. HP: 56/56 MP: 5/5
  3433 | D:5      | Reached XP level 7. HP: 58/63 MP: 6/6
  3455 | D:5      | Found a staircase to the Ecumenical Temple.
  3535 | Temple   | Entered the Ecumenical Temple
  3629 | Temple   | Became a worshipper of Qazlal Stormbringer
  3738 | D:5      | Found a blossoming altar of Fedhas.
  3759 | D:5      | Noticed an oklob plant
  3964 | D:6      | Noticed Eustachio
  3975 | D:6      | Killed Eustachio
  4392 | D:3      | Slain by Jackal2k's ghost

Skill      XL: |  1  2  3  4  5  6  7 |
---------------+----------------------+-----
Armour         | 4 5 6 7 |  7.3
Fighting       | 4 5 6 7 |  7.0
Shields        | 4 5 6 |  6.5
Axes           | |  2.4

Action                   |  1- 3 |  4- 6 |  7- 9 || total
-------------------------+-------+-------+-------++-------
Melee: War axe           |    96 |   120 |    25 ||   241
       Headbutt          |    13 |    15 |     5 ||    33
  Eat: Bread ration      |       |     1 |       ||     1
       Chunk             |       |     3 |     2 ||     5
       Fruit             |       |       |     1 ||     1
Armor: Scale mail        |    45 |     3 |       ||    48
       Leather armour    |       |    34 |     3 ||    37
Dodge: Dodged            |    18 |    38 |     7 ||    63
Block: Shield            |    56 |    82 |    14 ||   152
